 Dungeon Crawl Stone Soup version 0.27.1 (webtiles) character file.

Game seed: 6575979216079048894

7143 MacCMillion the Grappler (level 10, 0/106 HPs)
             Began as a Troll Monk on Aug 22, 2021.
             Was an Elder of Makhleb.
             Slain by a killer bee (5 damage)
             ... on level 10 of the Dungeon on Aug 23, 2021.
             The game lasted 00:21:56 (7345 turns).

MacCMillion the Grappler (Troll Monk)               Turns: 7345, Time: 00:21:56

Health: 0/106      AC:  5    Str: 24    XL:     10   Next: 85%
Magic:  14/14      EV: 11    Int:  6    God:    Makhleb [****..]
Gold:   549        SH:  0    Dex: 12    Spells: 6/9 levels left

rFire    . . .     SeeInvis .   y - +9 staff of Olgreb {rPois∞}
rCold    . . .     Faith    .   (no shield)
rNeg     . . .     Spirit   .   a - +0 robe
rPois    ∞         Reflect  .   (helmet restricted)
rElec    .         Harm     .   w - +0 cloak
rCorr    .         Rampage  .   (gloves unavailable)
Will     .....                  (boots unavailable)
Stlth    ++........             (no amulet)
HPRegen  1.27/turn              (no ring)
MPRegen  0.14/turn              (no ring)

@: no status effects
A: large, unfitting armour, claws 3, regeneration 1, shaggy fur 1, tough skin 1
a: Renounce Religion, Minor Destruction, Lesser Servant of Makhleb, Major
Destruction


You were on level 10 of the Dungeon.
You worshipped Makhleb.
Makhleb was greatly pleased with you.
You visited 1 branch of the dungeon, and saw 10 of its levels.

You collected 549 gold pieces.

Inventory:

Hand Weapons
 q - a +0 morningstar
 y - the +9 staff of Olgreb (weapon) {rPois∞}
   (You found it on level 7 of the Dungeon)

   If the wielder is skilled in Evocations, they can envenom those struck by it,
   dealing poison damage which bypasses armour.
   It enhances your poison magic.
   It grants immunity to poison.
   It can be evoked to radiate toxic energy, with effectiveness depending on
   Evocations skill.
 C - a +1 flail
 D - a +2 morningstar of freezing
Missiles
 u - 49 poisoned darts
Armour
 a - a +0 robe (worn)
 w - a +0 cloak (worn)
Wands
 h - a wand of polymorph (5)
 m - a wand of digging (3)
 p - a wand of paralysis (16)
 v - a wand of iceblast (21)
Scrolls
 b - 11 scrolls of identify {unknown}
 c - 6 scrolls of teleportation {unknown}
 d - 2 scrolls of noise {unknown}
 e - 2 scrolls of acquirement {unknown}
 j - a scroll of immolation {unknown}
 k - 2 scrolls of enchant weapon {unknown}
 o - 3 scrolls of summoning {unknown}
 x - 3 scrolls of magic mapping {unknown}
 A - 2 scrolls of enchant armour {unknown}
Potions
 f - 2 potions of brilliance {unknown}
 g - a potion of magic {unknown}
 i - a potion of mutation {unknown}
 l - 2 potions of flight {unknown}
 n - 2 potions of heal wounds {unknown}
 r - 2 potions of might {unknown}
 s - a potion of degeneration {unknown}
 t - a potion of curing {unknown}
 z - a potion of lignification {unknown}
 B - a potion of cancellation {unknown}
 E - a potion of berserk rage {unknown}
 F - a potion of haste {unknown}


   Skills:
 + Level 8.5 Fighting
 - Level 5.0 Dodging
 - Level 2.3 Stealth
 + Level 9.9 Unarmed Combat
 + Level 1.7 Ice Magic
 + Level 6.7 Invocations


You had 6 spell levels left.
You knew the following spells:

 Your Spells              Type           Power      Damage    Failure   Level
a - Ozocubu's Armour      Ice            2%         N/A       58%         3

Your spell library contained the following spells:

 Spells                   Type           Power      Damage    Failure   Level
 Ozocubu's Refrigeration  Ice            1%         4d5       100%        7


Dungeon Overview and Level Annotations

Branches:
Dungeon (10/15)            Temple (0/1) D:5            Lair (0/6) D:9
    Orc: D:9-12

Altars:
Ashenzari
Makhleb

Shops:
D:10 (

Annotations:
D:3 Grinder
D:4 1 runed translucent door, Crazy Yiuf


Innate Abilities, Weirdness & Mutations

You are too large for most types of armour.
You have claws for hands.
Your natural rate of healing is unusually fast.
You are covered in fur. (AC +1)
You have tough skin. (AC +1)


Message History

An orc warrior comes into view. It is wielding a +0 short sword.
The killer bee stings you. The killer bee barely misses you.
The killer bee closely misses you.
The killer bee stings you but does no damage.
The killer bee stings you. The killer bee stings you.
The killer bee stings you!
The orc priest suddenly complains.
The killer bee stings you! The killer bee closely misses you.
The killer bee stings you but does no damage.
The killer bee stings you!
* * * LOW HITPOINT WARNING * * *
The killer bee stings you.
* * * LOW HITPOINT WARNING * * *
The orc priest looks encouraged for a moment.
The killer bee stings you.
* * * LOW HITPOINT WARNING * * *
The killer bee misses you.
Things that are here:
a yak corpse; a yak corpse; a yak corpse The orc priest calls down the wrath of Beogh upon you.
Beogh smites you!
* * * LOW HITPOINT WARNING * * *
The killer bee misses you.
You see here a yak corpse.
The killer bee stings you.
* * * LOW HITPOINT WARNING * * *
The orc priest calls down the wrath of Beogh upon you.
Beogh smites you!
* * * LOW HITPOINT WARNING * * *
The killer bee barely misses you.
The killer bee stings you but does no damage.
The killer bee stings you but does no damage.
The killer bee misses you. The killer bee barely misses you.
The killer bee stings you.
* * * LOW HITPOINT WARNING * * *
The killer bee barely misses you. The killer bee stings you.
You die...

...o...........#
o.....#########†#
........# #†#
...∩....# #.###
....... #...##
#####...#
##.##.###.#
##.y..## .#
#.@y..# ..
##....# # ##.##.#
..# ... ####
..... .#... .#.#.


You could see 2 killer bees.

Vanquished Creatures
  Erolcha (D:9)
  2 shadows (D:9)
  2 wyverns (D:9)
  A wraith (D:9)
  11 yaks
  2 steam dragons
  A vampire mosquito (D:9)
  Menkaure (D:4)
  2 water moccasins (D:7)
  A sky beast (D:5)
  3 orc warriors
  A black bear (D:5)
  2 necrophages
  2 ice beasts
  5 centaurs
  2 ogres (D:4)
  2 phantoms
  3 kobold brigands
  8 bullfrogs
  A scorpion (D:9)
  A killer bee (D:10)
  9 wights (D:8)
  4 centaur zombies (D:9)
  3 orc priests
  2 gnoll shamans
  3 iguanas (D:5)
  Ijyb (D:4)
  Terence (D:2)
  3 orc wizards
  5 adders
  11 gnolls
  A shadow imp (D:8)
  An ufetubus (D:5)
  A worm (D:5)
  4 dart slugs
  13 orcs
  7 ball pythons
  10 endoplasms
  4 giant cockroaches
  4 goblins
  5 hobgoblins
  11 jackals
  3 quokkas (D:1)
  6 bats
  A frilled lizard (D:1)
  10 kobolds
  6 rats
183 creatures vanquished.

Vanquished Creatures (others)
  13 fungi (D:9)
  16 plants (D:9)
29 creatures vanquished.

Grand Total: 212 creatures vanquished

Notes
Turn   | Place    | Note
-------+----------+-------------------------------------------
     0 | D:1      | MacCMillion the Troll Monk began the quest for the Orb.
     0 | D:1      | Reached XP level 1. HP: 22/22 MP: 0/0
    82 | D:1      | Reached XP level 2. HP: 28/29 MP: 1/1
   579 | D:1      | Reached XP level 3. HP: 36/36 MP: 2/2
   646 | D:1      | Found a faded altar of an unknown god.
  1047 | D:2      | Noticed Terence
  1054 | D:2      | Killed Terence
  1055 | D:2      | Reached skill level 4 in Unarmed Combat
  1055 | D:2      | Reached XP level 4. HP: 35/44 MP: 3/3
  2011 | D:3      | Reached XP level 5. HP: 53/53 MP: 4/4
  2094 | D:3      | Noticed Grinder
  2102 | D:3      | Paralysed by Grinder for 3 turns
  2156 | D:4      | Noticed an ogre
  2235 | D:4      | Found a burning altar of Makhleb.
  2243 | D:4      | Killed an ogre
  2248 | D:4      | Became a worshipper of Makhleb the Destroyer
  2248 | D:4      | Reached * piety under Makhleb
  2248 | D:4      | Reached ** piety under Makhleb
  2354 | D:4      | Found a runed translucent door.
  2355 | D:4      | Noticed Crazy Yiuf
  2596 | D:4      | Noticed a necrophage
  2603 | D:4      | Killed a necrophage
  2604 | D:4      | Reached skill level 5 in Unarmed Combat
  2604 | D:4      | Reached XP level 6. HP: 54/61 MP: 5/5
  2623 | D:4      | Noticed Ijyb
  2652 | D:3      | Reached skill level 1 in Invocations
  2681 | D:4      | Killed Ijyb
  2713 | D:4      | Noticed Menkaure
  2718 | D:4      | Killed Menkaure
  2719 | D:4      | Reached XP level 7. HP: 30/67 MP: 5/7
  2981 | D:5      | Entered Level 5 of the Dungeon
  2984 | D:5      | Found a staircase to the Ecumenical Temple.
  3250 | D:5      | Reached skill level 6 in Unarmed Combat
  3532 | D:5      | Reached XP level 8. HP: 49/78 MP: 8/8
  3733 | D:6      | Reached skill level 7 in Unarmed Combat
  3768 | D:6      | You fall into a shaft and drop 1 floor!
  3832 | D:7      | Reached *** piety under Makhleb
  4132 | D:7      | Found the +9 staff of Olgreb {rPois∞}
  4616 | D:7      | Reached skill level 5 in Dodging
  4644 | D:7      | Reached skill level 5 in Fighting
  4644 | D:7      | Reached XP level 9. HP: 85/88 MP: 10/10
  5037 | D:8      | Identified the +1 chain mail of the Nexus {Drain Regen+
                  | Str+3 Int+3}
  5128 | D:8      | Reached skill level 8 in Unarmed Combat
  5794 | D:9      | Noticed Erolcha
  5924 | D:10     | Entered Level 10 of the Dungeon
  6280 | D:9      | Reached skill level 5 in Invocations
  6309 | D:9      | Reached **** piety under Makhleb
  6549 | D:9      | Reached XP level 10. HP: 78/102 MP: 13/13
  6585 | D:9      | Reached skill level 9 in Unarmed Combat
  6908 | D:9      | Killed Erolcha
  6926 | D:9      | Found a broken altar of Ashenzari.
  7055 | D:9      | Found a staircase to the Lair.
  7085 | D:9      | Learned a level 3 spell: Ozocubu's Armour
  7160 | D:10     | Reached skill level 1 in Ice Magic
  7322 | D:10     | Found Nelaben's Weapon Shoppe.
  7339 | D:10     | HP: 2/106 [orc priest/divine providence (8)]
  7344 | D:10     | HP: 4/106 [killer bee (5)]
  7345 | D:10     | Slain by a killer bee

Illustrated notes

Levels and vault maps discovered:
D:1:      elethiomel_arrival_maze, layout_loops_ring,
          dilly_ecumenical_altar_fadedgnrine
D:2:      layout_loops_corners, uniq_terence
D:3:      layout_basic, jmf_multi_god_temple2, minmay_diced_spiral, uniq_grinder
D:4:      layout_basic, mainiacjoe_overflow_concentric_impassable, uniq_ijyb,
          uniq_crazy_yiuf_cottage, uniq_menkaure
D:5:      layout_loops_ring, minmay_temple_entry_hall
D:6:      layout_rooms, gammafunk_temple_overflow_statue,
          gammafunk_ghost_nasty_kobolds, minmay_ogre_servants
D:7:      layout_loops_corners, minmay_misc_feat_nine_boxes,
          minmay_misc_feat_secret_circle
D:8:      layout_basic
D:9:      minmay_inner_zag, layout_loops_ring, mainiacjoe_overflow_alcove_1,
          grunt_lair_entry_orc_guard_hut, minmay_crystal_room,
          minmay_quadrilaterals, uniq_erolcha
D:10:     layout_loops_ring, orc_david_3

Skill      XL: |  1  2  3  4  5  6  7  8  9 10 |
---------------+-------------------------------+-----
Unarmed Combat | 4 5 6 7 8 9 |  9.9
Dodging        | 3 4 5 |  5.0
Fighting       | 3 4 5 7 8 |  8.5
Invocations    | 1 2 3 5 6 |  6.7
Stealth        | 2 |  2.3
Ice Magic      | 1 |  1.7

Action                   |  1- 3 |  4- 6 |  7- 9 | 10-12 || total
-------------------------+-------+-------+-------+-------++-------
Melee: Unarmed           |    68 |   123 |   298 |    99 ||   588
       Punch             |     1 |     3 |    11 |     7 ||    22
       Staff             |       |       |       |     4 ||     4
 Stab: Sleeping          |     8 |     4 |     5 |     2 ||    19
Armor: Robe              |    18 |    33 |    63 |    23 ||   137
Dodge: Dodged            |    32 |    59 |   158 |    91 ||   340
